 Dungeon Crawl Stone Soup version 0.28.0 (webtiles) character file.

Game seed: 1730568203551691535

6440 hawla the Cruncher (level 10, -4/65 HPs)
             Began as a Red Draconian Conjurer on Feb 13, 2022.
             Was a Believer of Vehumet.
             Slain by a sixfirhy (11 damage)
             ... summoned by a kobold demonologist
             ... on level 9 of the Dungeon.
             The game lasted 00:34:07 (11621 turns).

hawla the Cruncher (Red Draconian Conjurer)        Turns: 11621, Time: 00:34:08

Health: -4/65      AC:  7    Str:  9    XL:     10   Next: 67%
Magic:  14/18      EV: 12    Int: 22    God:    Vehumet [**....]
Gold:   363        SH:  0    Dex: 11    Spells: 12/20 levels left

rFire   + . .      SeeInvis +   i - +1 quarterstaff (speed)
rCold   . . .      Faith    .   (shield currently unavailable)
rNeg    . . .      Spirit   .   (armour unavailable)
rPois   .          Reflect  .   (helmet restricted)
rElec   .          Harm     .   (no cloak)
rCorr   .          Rampage  .   (no gloves)
Will    .....                   (no boots)
Stlth   ++........              (no amulet)
HPRegen 0.20/turn               k - ring of see invisible
MPRegen 0.16/turn               (no ring)

@: flying
A: breathe fire, AC +7, unfitting armour, fire resistance 1, cold-blooded, big
wings, frail 1
a: Breathe Fire, Renounce Religion


You were on level 9 of the Dungeon.
You worshipped Vehumet.
Vehumet was pleased with you.
You visited 2 branches of the dungeon, and saw 10 of its levels.
You also visited: Ossuary.

You collected 363 gold pieces.

Inventory:

Hand Weapons
 i - a +1 quarterstaff of speed (weapon)
Missiles
 c - 25 poisoned darts
 d - a throwing net
 r - 3 boomerangs of dispersal (quivered)
Magical Staves
 e - a staff of conjuration
 q - a staff of cold
Jewellery
 k - a ring of see invisible (left hand)
Wands
 m - a wand of digging (6)
 y - a wand of flame (17)
Scrolls
 g - 3 scrolls of brand weapon
 v - a scroll of identify
 w - 2 scrolls of fear
Potions
 a - 3 potions of brilliance
 b - 2 potions of resistance
 h - 3 potions of curing
 j - 2 potions of flight
 l - a potion of heal wounds {unknown}
 n - a potion of haste
 p - a potion of cancellation
 s - 2 potions of lignification {unknown}
 t - a potion of degeneration {unknown}
 x - 2 potions of ambrosia {unknown}
 z - 4 potions of might {unknown}


   Skills:
 - Level 2.0 Fighting
 + Level 11.3 Staves
 - Level 3.0 Throwing
 - Level 3.1 Dodging
 - Level 3.5 Stealth
 - Level 5.9 Spellcasting
 - Level 8.0 Conjurations
 - Level 3.0 Translocations
 - Level 1.0 Fire Magic
 - Level 1.0 Ice Magic
 - Level 1.0 Evocations


You had 12 spell levels left.
You knew the following spells:

 Your Spells              Type           Power      Damage    Failure   Level
a - Magic Dart            Conj           100%       1d8       1%          1
b - Searing Ray           Conj           82%        2d7       1%          2
c - Iskenderun's Mystic   Conj/Tloc      30%        2d8       10%         4
d - Foxfire               Conj/Fire      100%       2x1d9     1%          1

Your spell library contained the following spells:

 Spells                   Type           Power      Damage    Failure   Level
 Shock                    Conj/Air       96%        1d9       1%          1
 Dazzling Flash           Conj/Hex       48%        N/A       5%          3
 Stone Arrow              Conj/Erth      48%        3d10      5%          3
 Pain                     Necr           24%        1d5       10%         1
 Sandblast                Erth           12%        2d6       10%         1
 Corpse Rot               Necr/Air       12%        N/A       14%         2
 Passwall                 Tmut/Erth      5%         N/A       14%         2
 Poisonous Vapours        Pois/Air       12%        N/A       14%         2
 Fulminant Prism          Conj/Hex       12%        3d9       19%         4
 Summon Guardian Golem    Hex/Summ       6%         N/A       28%         3
 Agony                    Necr           6%         N/A       95%         5
 Excruciating Wounds      Necr           3%         N/A       95%         5
 Orb of Destruction       Conj           20%        9d8       96%         7
 Spellforged Servitor     Conj/Summ      12%        N/A       100%        7


Dungeon Overview and Level Annotations

Branches:
Dungeon (9/15)             Temple (1/1) D:5         Ossuary (visited)
   Lair: D:8-11         Orc: D:9-12

Altars:
Ashenzari
Cheibriados
Dithmenos
Elyvilon
Fedhas
Gozag
Hepliaklqana
Kikubaaqudgha
Nemelex Xobeh
Okawaru
Qazlal
Ru
Sif Muna
Trog
Uskayaw
Vehumet
Wu Jian
Xom
Yredelemnul
Zin
The Shining One
Jiyva

Shops:
D:1 =   D:2 **(


Innate Abilities, Weirdness & Mutations

You can breathe blasts of fire.
Your fiery red scales are hard. (AC +7)
You cannot fit into any form of body armour.
Your flesh is heat resistant. (rF+)
You are cold-blooded and may be slowed by cold attacks.
Your large and strong wings let you fly.
You are frail. (-10% HP)


Message History

Magic restored.
y - a wand of flame (17) (gained 5 charges)
Things that are here:
a +0 dagger; a +0 robe
There is a stone staircase leading up, spattered with blood here.
You see here a yak corpse.
The kobold demonologist casts a spell.
You closely miss the sixfirhy. The sixfirhy hits you. The sixfirhy shocks you!
The sixfirhy misses you.
You sock the sixfirhy!
The sixfirhy is moderately wounded.
The sixfirhy barely misses you.
You closely miss the sixfirhy.
Your tail-slap misses the sixfirhy.
The sixfirhy is moderately wounded.
You hit the sixfirhy.
Your tail-slap misses the sixfirhy.
The sixfirhy is moderately wounded.
The kobold demonologist looks braver for a moment.
Casting: Searing Ray (safe; 1% risk of failure)
Confirm with . or Enter, or press ? or * to list all spells.
Aiming: Searing Ray (safe; 1% risk of failure)
Press: ? - help, Shift-Dir - straight line, f - kobold demonologist
Aim: a kobold demonologist, wielding a +0 dagger and wearing a +0 robe (75% to hit)
The searing ray hits the kobold demonologist!
The kobold demonologist is moderately wounded. (Press . to maintain the ray.)
The searing ray hits the kobold demonologist.
The kobold demonologist is moderately wounded.
The sixfirhy hits you! The sixfirhy shocks you!
The sixfirhy hits you but does no damage.
The sixfirhy closely misses you. The sixfirhy completely misses you.
The kobold demonologist mumbles some strange words.
The searing ray hits the kobold demonologist!
The kobold demonologist is heavily wounded.
The sixfirhy barely misses you. The sixfirhy hits you. The sixfirhy shocks you!
The sixfirhy hits you!
* * * LOW HITPOINT WARNING * * *
The sixfirhy shocks you!
* * * LOW HITPOINT WARNING * * *
The sixfirhy hits you!
You die...

#............#
#.......#.#.##
#....#....#.#
#....#.##.########
#....#............
#... #.##.#######.
#........#
#.####.###.##
#.4.3@........
#...K....#.###
.........#.#
.........#.#
#...........
##########.## ## .
5. # #4#####


You could see an ice devil (summoned), a kobold demonologist and a sixfirhy
(summoned).

Vanquished Creatures
  Pikel (D:7)
  A gargoyle (D:9)
  An unseen horror (D:7)
  3 kobold demonologists (D:9)
  5 yaks
  A vampire (D:9)
  A wraith (D:9)
  3 water moccasins
  4 sky beasts
  An ice beast (D:7)
  4 ogres
  2 necrophages (D:6)
  A phantom (D:5)
  3 centaurs
  4 kobold brigands
  An elf zombie (Ossuary)
  3 lemures (D:7)
  2 bullfrogs (D:7)
  Blork the orc (D:5)
  4 scorpions
  A water moccasin zombie (D:6)
  A wyvern skeleton (D:3)
  A water moccasin skeleton (D:2)
  6 howler monkeys
  A human zombie (Ossuary)
  2 centaur zombies
  6 jellies
  A gnoll shaman (D:5)
  A hound (D:4)
  A centaur skeleton (D:7)
  3 iguanas
  Ijyb (D:5)
  2 orc wizards
  4 mummies (Ossuary)
  10 gnolls
  4 adders
  2 shadow imps
  2 ufetubi
  A worm (D:5)
  A dart slug (D:1)
  10 orcs
  2 endoplasms
  4 giant cockroaches
  4 goblins
  10 hobgoblins
  20 kobolds
  A quokka (D:2)
  7 ball pythons
  9 bats
  4 frilled lizards
  4 goblin zombies (Ossuary)
  2 hobgoblin zombies (Ossuary)
  3 jackal zombies (Ossuary)
  An orc zombie (Ossuary)
  2 rats
180 creatures vanquished.

Vanquished Creatures (collateral kills)
  A goblin (D:4)
  2 hobgoblins (D:4)
3 creatures vanquished.

Vanquished Creatures (others)
  19 foxfires (Ossuary)
  2 plants (D:8)
21 creatures vanquished.

Grand Total: 204 creatures vanquished

Notes
Turn   | Place    | Note
-------+----------+-------------------------------------------
     0 | D:1      | hawla the Draconian Conjurer began the quest for the Orb.
     0 | D:1      | Reached XP level 1. HP: 14/14 MP: 3/3
   525 | D:1      | Reached XP level 2. HP: 20/20 MP: 0/5
   528 | D:1      | Learned a level 2 spell: Searing Ray
   838 | D:1      | Found a faded altar of an unknown god.
  1021 | D:1      | Found Wyli's Jewellery Boutique.
  1171 | D:1      | Reached XP level 3. HP: 26/26 MP: 3/6
  1464 | D:2      | Reached skill level 5 in Conjurations
  1514 | D:2      | Reached XP level 4. HP: 33/33 MP: 2/7
  1519 | D:2      | Learned a level 4 spell: Iskenderun's Mystic Blast
  1624 | D:2      | Found Henasybb's General Store.
  1637 | D:2      | Found Nydisu's Assorted Antiques.
  1938 | D:2      | Found Vefeuleo's Weapon Boutique.
  2162 | D:2      | You fall into a shaft and drop 1 floor!
  2165 | D:3      | Reached XP level 5. HP: 38/38 MP: 5/9
  3218 | D:4      | Reached XP level 6. HP: 45/45 MP: 1/11
  3748 | D:4      | Noticed a sky beast
  4214 | D:4      | Killed a sky beast
  4215 | D:4      | Your scales start taking on a fiery red colour.
  4215 | D:4      | Reached XP level 7. HP: 25/51 MP: 0/13
  4215 | D:4      | Gained mutation: Your flesh is heat resistant. (rF+) [Red
                  | Draconian growth]
  4704 | D:5      | Entered Level 5 of the Dungeon
  4708 | D:5      | Noticed Ijyb
  4720 | D:5      | Killed Ijyb
  4963 | D:5      | Reached skill level 5 in Spellcasting
  4977 | D:5      | Reached skill level 1 in Fighting
  5160 | D:5      | Reached XP level 8. HP: 59/59 MP: 1/16
  5279 | D:5      | Found a sacrificial altar of Ru.
  5484 | D:5      | Reached skill level 1 in Staves
  5599 | D:5      | Found a staircase to the Ecumenical Temple.
  5617 | Temple   | Entered the Ecumenical Temple
  5757 | Temple   | Became a worshipper of Vehumet
  5803 | D:5      | Found a blossoming altar of Fedhas.
  5849 | D:5      | Noticed Blork the orc
  5853 | D:5      | Killed Blork the orc
  6112 | D:5      | Found a white marble altar of Elyvilon.
  6112 | D:5      | Found a bloodstained altar of Trog.
  6113 | D:5      | Found an ancient bone altar of Kikubaaqudgha.
  6250 | D:5      | Identified the +5 spear of Melee {flame, rF+ rC+ rN+}
  6539 | D:6      | Reached skill level 1 in Translocations
  6581 | D:6      | Reached skill level 2 in Staves
  6581 | D:6      | Reached skill level 1 in Evocations
  6705 | D:6      | Reached skill level 3 in Staves
  6775 | D:6      | Found a stormy altar of Qazlal.
  6821 | D:6      | Reached skill level 4 in Staves
  7344 | D:6      | Reached XP level 9. HP: 58/67 MP: 11/17
  7547 | D:6      | Gained mutation: You are frail. (-10% HP) [potion of
                  | mutation]
  7547 | D:6      | Gained mutation: Your large and strong wings let you fly.
                  | [potion of mutation]
  7748 | D:7      | Reached skill level 5 in Staves
  8181 | D:7      | Reached * piety under Vehumet
  8181 | D:7      | Offered knowledge of Foxfire by Vehumet.
  8182 | D:7      | Reached skill level 6 in Staves
  8184 | D:7      | Learned a level 1 spell: Foxfire
  8344 | D:7      | Noticed Pikel
  8367 | D:7      | Killed Pikel
  8368 | D:7      | Reached skill level 7 in Staves
  8368 | D:7      | Reached skill level 1 in Throwing
  8368 | D:7      | Reached skill level 1 in Fire Magic
  8368 | D:7      | Reached skill level 1 in Ice Magic
  8689 | D:7      | Noticed an unseen horror
  8698 | D:7      | Killed an unseen horror
  8868 | D:8      | Found an opulent altar of Gozag.
  8891 | D:8      | Found a sand-covered staircase.
  8900 | Ossuary  | Entered an ossuary
  9441 | D:8      | Offered knowledge of Shock by Vehumet.
  9526 | D:8      | Reached ** piety under Vehumet
  9527 | D:8      | Reached skill level 8 in Staves
  9652 | D:8      | Found a hazy altar of Hepliaklqana.
  9703 | D:8      | Found a viscous altar of Jiyva.
  9881 | D:8      | Reached XP level 10. HP: 46/65 MP: 9/18
 10352 | D:9      | Noticed a rust devil
 10358 | D:9      | Reached skill level 9 in Staves
 10694 | D:9      | Noticed a gargoyle
 10711 | D:9      | Killed a gargoyle
 10712 | D:9      | Reached skill level 10 in Staves
 11171 | D:9      | Noticed a soul eater
 11411 | D:8      | Reached skill level 11 in Staves
 11614 | D:9      | Noticed a sixfirhy
 11621 | D:9      | Slain by a sixfirhy

Illustrated notes

Levels and vault maps discovered:
D:1:      lightli_molten_gateway, layout_loops_ring, basic_ecumenical_altar,
          serial_shops, nicolae_shop_waterfront
D:2:      layout_basic, serial_shops, nicolae_diamond_shop,
          nicolae_shop_crystal, shop, nicolae_diamond_shop, serial_glass,
          glass_columns_b, glass_columns_a, glass_columns_b, glass_columns_a,
          glass_columns_c, glass_columns_b, glass_columns_c, glass_columns_b
D:3:      layout_loops_ring
D:4:      layout_loops_corners
D:5:      layout_loops_ring, mainiacjoe_overflow_alcove_1, hangedman_ru_absence,
          gammafunk_temple_overflow_claw, minmay_temple_entry_waves,
          uniq_blork_the_orc, uniq_ijyb
D:6:      layout_loops_ring, mainiacjoe_overflow_brackets
D:7:      layout_basic, uniq_pikel
D:8:      layout_gridville, nicolae_gozag_cash_rules_everything_around_me,
          nicolae_hepliaklqana_hazy_memory, serial_glass, glass_columns_a,
          glass_columns_a, lightli_ossuary_entry_decrepit_ruins, jiyva_altar_1
D:9:      kb_forest_paths, layout_basic, kennysheep_mini
Temple:   dshaligram_water_room_temple

Skill      XL: |  1  2  3  4  5  6  7  8  9 10 |
---------------+-------------------------------+-----
Stealth        | 2 3 |  3.5
Conjurations   | 5 6 7 8 |  8.0
Dodging        | 2 3 |  3.1
Spellcasting   | 3 4 5 |  5.9
Fighting       | 1 2 |  2.0
Staves         | 4 8 11 | 11.3
Translocations | 1 3 |  3.0
Evocations     | 1 |  1.0
Throwing       | 3 |  3.0
Fire Magic     | 1 |  1.0
Ice Magic      | 1 |  1.0

Action                   |  1- 3 |  4- 6 |  7- 9 | 10-12 || total
-------------------------+-------+-------+-------+-------++-------
Melee: Unarmed           |     7 |       |       |       ||     7
       Staff             |       |    19 |    46 |     4 ||    69
       Tailslap          |       |     2 |    14 |     3 ||    19
       Quarterstaff      |       |       |    30 |    10 ||    40
       Punch             |       |       |     1 |       ||     1
Throw: Dart              |       |       |     3 |       ||     3
       Boomerang         |       |       |     1 |       ||     1
 Cast: Magic Dart        |    49 |    25 |    30 |    11 ||   115
       Searing Ray       |     4 |    29 |    56 |    19 ||   108
       Iskenderun's Myst |       |       |    16 |    19 ||    35
       Foxfire           |       |       |    10 |       ||    10
 Abil: Breathe Fire      |       |       |     4 |       ||     4
  Use: Scroll            |     5 |     4 |     9 |     2 ||    20
       Potion            |       |       |     2 |     2 ||     4
Armor: Skin              |     4 |    14 |    61 |    11 ||    90
Dodge: Dodged            |    15 |    28 |   102 |    33 ||   178
